 Dungeon Crawl Stone Soup version 0.25.0-1-g7eea58d (webtiles) character file.

Game seed: 3672876291562296683

12203 edsrzf the Bludgeoner (level 11, 0/101 HPs)
             Began as an Ogre Enchanter on June 27, 2020.
             Was a Believer of Ashenzari.
             Slain by an ice beast (14 damage)
             ... on level 10 of the Dungeon.
             The game lasted 00:48:39 (13870 turns).

edsrzf the Bludgeoner (Ogre Enchanter)             Turns: 13870, Time: 00:48:40

Health: 0/101      AC:  7    Str: 17    XL:     11   Next: 89%
Magic:  15/15      EV: 10    Int: 22    God:    Ashenzari [**....]
Gold:   0          SH:  0    Dex:  9    Spells: 10/16 levels left

rFire    . . .     SeeInvis .   a - +2 dagger (venom)
rCold    . . .     Gourm    .   (no shield)
rNeg     . . .     Faith    .   k - +0 steam dragon scales
rPois    .         Spirit   .   (helmet restricted)
rElec    .         Reflect  .   n - +0 cloak (curse)
rCorr    .         Harm     .   (gloves unavailable)
MR       +....                  (boots unavailable)
Stlth    ++........             t - amulet of regeneration (curse)
HPRegen  0.66/turn              e - +6 ring of intelligence
MPRegen  0.14/turn              f - ring of wizardry

@: about to teleport, very slightly contaminated, studying Maces & Flails
A: large, unfitting armour, tough skin 1
a: Curse Item, Scrying, Renounce Religion


You were on level 10 of the Dungeon.
You worshipped Ashenzari.
Ashenzari was pleased with you.
You were very hungry.

You visited 1 branch of the dungeon, and saw 10 of its levels.
You also visited: Sewer and Bailey.

Inventory:

Hand Weapons
 a - a +2 dagger of venom (weapon)
Missiles
 z - 25 poisoned darts (quivered)
 A - 2 atropa-tipped darts
Armour
 k - +0 steam dragon scales (worn)
 n - a cursed +0 cloak (worn)
Jewellery
 e - a +6 ring of intelligence (left hand)
 f - a ring of wizardry (right hand)
 i - an uncursed ring of flight
 t - a cursed amulet of regeneration (around neck)
 E - an uncursed ring of ice
 F - an uncursed ring of ice
 H - an uncursed amulet of magic regeneration
Wands
 g - a wand of flame (18)
 C - a wand of random effects (16)
Scrolls
 o - 5 scrolls of fog
 r - 2 scrolls of teleportation {@r3}
 w - 3 scrolls of remove curse {@r2}
 y - a scroll of magic mapping {unknown}
 B - a scroll of enchant armour {unknown}
 D - a scroll of vulnerability {unknown}
 I - a scroll of random uselessness {unknown}
 K - a scroll of amnesia {unknown}
Potions
 c - a potion of mutation {unknown}
 j - a potion of brilliance
 l - a potion of cancellation
 s - a potion of magic
 G - 2 potions of haste
 L - a potion of resistance
Books
 q - a manual of Maces & Flails {!d}
Comestibles
 d - 24 rations


   Skills:
 - Level 4.6 Fighting
 - Level 0.8 Short Blades
 + Level 16.0 Maces & Flails
 - Level 1.7 Dodging
 - Level 2.1 Stealth
 - Level 3.0 Spellcasting
 - Level 3.0 Hexes
 - Level 6.0 Evocations


You had 10 spell levels left.
You knew the following spells:

 Your Spells              Type           Power        Failure   Level  Hunger
a - Corona                Hex            ###....      1%          1    None
d - Tukima's Dance        Hex            ###.....     4%          3    ###....
h - Ensorcelled Hibernat  Hex/Ice        ##....       4%          2    ##.....

Your spell library contained the following spells:

 Spells                   Type           Power        Failure   Level  Hunger
 Confusing Touch          Hex            ###.....     4%          3    ###....
 Dazzling Flash           Conj/Hex       ##....       9%          3    ###....


Dungeon Overview and Level Annotations

Branches:
Dungeon (10/15)            Temple (0/1) D:5            Lair (0/6) D:8
  Sewer (visited)          Bailey (visited)
    Orc: D:9-12

Altars:
Ashenzari
Sif Muna

Annotations:
D:1 exclusion: jackal
D:2 Sigmund
D:5 3 runed translucent doors, Buxparty's ghost, novice DsGl; MrPatience's ghost, novice NaVM; Pseudoku's ghost, novice KoHu; jorbis's ghost, novice GrCK; lyrin's ghost, novice HaIE
D:10 Maurice


Innate Abilities, Weirdness & Mutations

You are too large for most types of armour.
You have tough skin. (AC +1)


Message History

* * * LOW HITPOINT WARNING * * *
The ice beast freezes you!
* * * LOW HITPOINT WARNING * * *
Fire/throw which item? (* to show all) (? for menu, Esc to quit)
Okay, then.
Evoke which item? (* to show all) (? for menu, Esc to quit)
Okay, then.
Maurice casts a spell.
Maurice blinks!
Maurice gestures wildly while chanting.
Maurice flickers and vanishes!
Deactivating autopickup; reactivate with Ctrl-A.
A throwing net appears from out of thin air!
The throwing net {=f} hits you.
You become entangled in the net!
You see here a throwing net {=f}.
You struggle against the net.
The ice beast hits you but does no damage.
Blink to where?
Press: ? - help, Dir - move target cursor
As you read the scroll of blinking, it crumbles to dust.
Evoke which item? (* to show all) (? for menu, Esc to quit)
Okay, then.
Evoke which item? (* to show all) (? for menu, Esc to quit)
Aiming: Random Effects
Press: ? - help, Shift-Dir - straight line, f - ice beast
Aim: an ice beast (lightly wounded)
The bolt of poison hits the ice beast!
The ice beast is poisoned.
The ice beast is moderately wounded.
The ice beast looks more healthy.
You hear a zap.
Something tries to affect you, but you resist.
You hear a zap.
Something tries to affect you, but you resist.
You hear a zap.
Something tries to affect you, but you resist.
Evoke which item? (* to show all) (? for menu, Esc to quit)
Aiming: Random Effects
Press: ? - help, Shift-Dir - straight line, f/p - ice beast
Aim: an ice beast (moderately wounded)
The ice beast seems to speed up.
Evoke which item? (* to show all) (? for menu, Esc to quit)
Aiming: Random Effects
Press: ? - help, Shift-Dir - straight line, f/p - ice beast
Aim: an ice beast (moderately wounded, fast)
The fireball explodes!
The fireball engulfs the ice beast!
The ice beast melts!
The ice beast is severely wounded.
The fireball engulfs something!
The ice beast hits you but does no damage.
You barely miss the ice beast.
The ice beast is severely wounded.
The ice beast misses you.
You hear some strange, mumbled words.
You barely miss something.
The ice beast hits you but does no damage.
Something hits you but does no damage. The ice beast barely misses you.
Okay, then.
Something hits you!
* * * LOW HITPOINT WARNING * * *
Something steals 2 of your 4 atropa-tipped darts!
Something hits you.
* * * LOW HITPOINT WARNING * * *
Something grunts, "Curses!"
You hear some strange, mumbled words.
The ice beast hits you but does no damage.
The ice beast barely misses you.
The ice beast hits you but does no damage.
Evoke which item? (* to show all) (? for menu, Esc to quit)
Okay, then.
An atropa-tipped dart appears from out of thin air!
The atropa-tipped dart hits you!
You are confused.
You feel much better. The ice beast hits you. The ice beast freezes you!
* * * LOW HITPOINT WARNING * * *
You hear a zap.
Something tries to affect you, but you resist.
The now-empty wand crumbles to dust.
The ice beast closely misses you.
You feel better. The ice beast hits you. The ice beast freezes you.
An atropa-tipped dart appears from out of thin air!
The atropa-tipped dart hits you!
The ice beast hits you but does no damage.
The ice beast hits you. The ice beast freezes you!
* * * LOW HITPOINT WARNING * * *
Something hits you.
* * * LOW HITPOINT WARNING * * *
Something steals 26 of your 51 poisoned darts!
The ice beast hits you.
* * * LOW HITPOINT WARNING * * *
The ice beast freezes you.
* * * LOW HITPOINT WARNING * * *
The ice beast hits you but does no damage.
The ice beast barely misses you.
Evoke which item? (* to show all) (? for menu, Esc to quit)
Okay, then.
Okay, then.
Okay, then.
As you read the scroll of teleportation {@r3}, it crumbles to dust.
You feel strangely unstable. The ice beast hits you.
* * * LOW HITPOINT WARNING * * *
The ice beast freezes you!
You die...

,, #..#.#####.#
#..#.......# * * *
#..#.......# ,
#..#.###...# , ,,
#..#.###...# * *,
####.......# ####.##
########.....# .......
#...# #.....# .......
#...# #@###.#
.......*#...# #Y# #.#
.......*#...# #{# #(#
....... #...# #.###.#
##########'#####.....#
.....................#
......##...##.....##.#
...........##........#
.....................#


You could see an ice beast (fast).

Vanquished Creatures
  Harold (D:8)
  2 two-headed ogres
  An orc high priest (Bailey)
  A deep elf mage (D:7)
  An orc knight (Bailey)
  Joseph (D:7)
  A gargoyle (D:10)
  A kobold demonologist (Bailey)
  Maggie (D:8)
  A komodo dragon (D:8)
  A troll (D:8)
  Prince Ribbit (D:6)
  A hippogriff (D:8)
  4 yaks (D:9)
  A hungry ghost (D:7)
  Menkaure (D:7)
  A water moccasin (D:9)
  A black bear (D:4)
  2 ogres
  16 orc warriors
  An ice beast (D:5)
  5 phantoms
  2 sky beasts
  An eye of draining (D:8)
  2 necrophages
  6 centaurs
  4 big kobolds
  4 bullfrogs
  A scorpion (D:7)
  9 wights
  4 killer bees (D:8)
  A howler monkey (D:8)
  4 electric eels (Bailey)
  5 crimson imps
  A centaur zombie (D:10)
  A hound (D:7)
  3 jellies
  An orc priest (D:8)
  A gnoll shaman (D:7)
  3 bullfrog skeletons
  A centaur skeleton (D:6)
  12 orc wizards
  5 worker ants
  A hound skeleton (D:6)
  3 hound zombies
  7 gnolls
  14 adders
  3 river rats
  2 shadow imps
  3 oozes (Sewer)
  An adder skeleton (D:6)
  5 worms
  A dart slug (D:4)
  5 leopard geckos
  41 orcs
  5 giant cockroaches
  17 goblins
  7 hobgoblins
  20 jackals
  8 kobolds
  2 quokkas
  7 ball pythons (Sewer)
  A ball python zombie (D:5)
  5 bats
  3 frilled lizards
  A jackal skeleton (D:6)
  A leopard gecko zombie (D:6)
  A quokka skeleton (D:5)
  7 rats
288 creatures vanquished.

Vanquished Creatures (others)
  2 plants (D:8)
2 creatures vanquished.

Grand Total: 290 creatures vanquished

Notes
Turn   | Place    | Note
-------+----------+-------------------------------------------
     0 | D:1      | edsrzf the Ogre Enchanter began the quest for the Orb.
     0 | D:1      | Reached XP level 1. HP: 16/16 MP: 3/3
   119 | D:1      | Reached skill level 1 in Fighting
   163 | D:1      | Reached XP level 2. HP: 21/27 MP: 3/5
   638 | D:2      | Reached skill level 3 in Spellcasting
   891 | D:1      | Learned a level 2 spell: Ensorcelled Hibernation
   914 | D:2      | Noticed Sigmund
   956 | D:2      | Reached skill level 2 in Fighting
  1025 | D:2      | Reached XP level 3. HP: 34/35 MP: 7/7
  1207 | D:2      | Found a shattered altar of Ashenzari.
  1333 | D:2      | Became a worshipper of Ashenzari the Shackled
  1556 | D:3      | Reached skill level 3 in Hexes
  1607 | D:3      | Learned a level 3 spell: Tukima's Dance
  1798 | D:3      | Identified 3 scrolls of identify
  1798 | D:3      | Identified 2 potions of invisibility
  1799 | D:3      | Identified a potion of degeneration
  1800 | D:3      | Identified 2 potions of heal wounds
  2001 | D:3      | Reached skill level 3 in Fighting
  2018 | D:3      | Reached XP level 4. HP: 38/45 MP: 8/8
  2050 | D:3      | Reached skill level 1 in Maces & Flails
  2056 | D:3      | Found a glowing drain.
  2090 | Sewer    | Entered a sewer
  2154 | Sewer    | Noticed a big kobold
  2173 | Sewer    | Killed a big kobold
  2173 | Sewer    | Reached skill level 4 in Fighting
  2173 | Sewer    | Reached skill level 2 in Maces & Flails
  2173 | Sewer    | Reached XP level 5. HP: 47/55 MP: 9/9
  2396 | Sewer    | Noticed a big kobold
  2399 | Sewer    | Noticed a big kobold
  2420 | Sewer    | Killed a big kobold
  2420 | Sewer    | Reached skill level 3 in Maces & Flails
  2420 | Sewer    | Reached XP level 6. HP: 54/63 MP: 10/10
  2435 | Sewer    | Reached skill level 4 in Maces & Flails
  2667 | D:3      | Identified a potion of flight
  2668 | D:3      | Identified a potion of brilliance
  2669 | D:3      | Identified 2 potions of might
  2913 | D:4      | Identified 3 potions of curing
  3035 | D:4      | Identified a potion of cancellation
  3348 | D:4      | Identified a potion of magic
  3548 | D:4      | Noticed a black bear
  3565 | D:4      | Killed a black bear
  3565 | D:4      | Reached skill level 5 in Maces & Flails
  3565 | D:4      | Reached XP level 7. HP: 36/71 MP: 11/11
  3953 | D:4      | Reached * piety under Ashenzari
  4001 | D:5      | Entered Level 5 of the Dungeon
  4091 | D:5      | Found a staircase to the Ecumenical Temple.
  4158 | D:5      | Reached skill level 6 in Maces & Flails
  4587 | D:5      | Reached XP level 8. HP: 38/79 MP: 12/12
  4642 | D:5      | HP: 3/79 [phantom (9)]
  4681 | D:5      | Reached skill level 7 in Maces & Flails
  4855 | D:5      | Found a runed translucent gate.
  4855 | D:5      | Found a runed translucent gate.
  4857 | D:5      | Found a runed translucent gate.
  4857 | D:5      | Noticed Pseudoku's ghost (novice KoHu)
  4858 | D:5      | Noticed lyrin's ghost (novice HaIE)
  4858 | D:5      | Noticed Buxparty's ghost (novice DsGl)
  4858 | D:5      | Noticed MrPatience's ghost (novice NaVM)
  4859 | D:5      | Noticed jorbis's ghost (novice GrCK)
  5361 | D:6      | Reached skill level 8 in Maces & Flails
  5456 | D:6      | Identified a potion of haste
  5712 | D:6      | Reached skill level 9 in Maces & Flails
  6178 | D:6      | Reached XP level 9. HP: 61/85 MP: 13/13
  6288 | D:6      | Noticed Prince Ribbit
  6331 | D:6      | Killed Prince Ribbit
  6331 | D:6      | Reached skill level 10 in Maces & Flails
  6930 | D:7      | Noticed a deep elf mage
  6953 | D:7      | Killed a deep elf mage
  6953 | D:7      | Reached skill level 11 in Maces & Flails
  7352 | D:7      | Paralysed by something for 6 turns
  7456 | D:7      | Reached XP level 10. HP: 84/94 MP: 14/14
  7656 | D:7      | Reached skill level 12 in Maces & Flails
  7802 | D:7      | Noticed Menkaure
  7803 | D:7      | Noticed Joseph
  7811 | D:7      | Identified 2 potions of resistance
  7817 | D:7      | Killed Menkaure
  7887 | D:7      | Killed Joseph
  8153 | D:8      | Found a flagged portal.
  8173 | D:8      | Found a staircase to the Lair.
  8301 | Bailey   | Entered a bailey
  8347 | Bailey   | Reached skill level 1 in Evocations
  8387 | Bailey   | HP: 4/94 [orc warrior/+0 hand axe (15)]
  8512 | Bailey   | Reached skill level 2 in Evocations
  8547 | Bailey   | Noticed an orc knight
  8571 | Bailey   | Noticed a kobold demonologist
  8597 | Bailey   | Noticed an orc high priest
  8605 | Bailey   | Noticed a sun demon
  8607 | Bailey   | Identified 5 scrolls of fog
  8608 | Bailey   | Found an iron altar of Okawaru.
  8616 | Bailey   | Killed an orc knight
  8616 | Bailey   | Reached skill level 3 in Evocations
  8617 | Bailey   | Identified 4 scrolls of teleportation
  8844 | Bailey   | Noticed a sun demon
  8846 | Bailey   | Noticed a soul eater
  8887 | Bailey   | Noticed an orange demon
  8890 | Bailey   | Killed an orc high priest
  8890 | Bailey   | Reached skill level 4 in Evocations
  8890 | Bailey   | HP: 4/94 [shot self (10)]
  8911 | Bailey   | Identified a potion of ambrosia
  9103 | Bailey   | Noticed a soul eater
  9112 | Bailey   | Killed a kobold demonologist
  9112 | Bailey   | Reached skill level 5 in Evocations
  9113 | Bailey   | HP: 4/94 [electric eel/bolt of electricity (17)]
  9121 | Bailey   | HP: 3/94 [orc/+0 hand axe (6)]
  9303 | Bailey   | Reached XP level 11. HP: 91/101 MP: 15/15
  9507 | Bailey   | Reached skill level 6 in Evocations
  9570 | Bailey   | Identified a scroll of acquirement
 10087 | D:8      | Identified 2 scrolls of noise
 10088 | D:8      | Identified 3 scrolls of blinking
 10089 | D:8      | Identified 4 scrolls of enchant weapon
 10093 | D:8      | Identified 2 scrolls of fear
 10125 | D:8      | Noticed Maggie
 10144 | D:8      | Killed Maggie
 10144 | D:8      | Reached skill level 13 in Maces & Flails
 11105 | D:9      | Noticed Harold
 11129 | D:8      | Killed Harold
 11129 | D:8      | Reached skill level 14 in Maces & Flails
 11592 | D:9      | Noticed a two-headed ogre
 11694 | D:8      | HP: 3/101 [komodo dragon (30)]
 12374 | D:9      | Reached skill level 15 in Maces & Flails
 12769 | D:8      | Killed a two-headed ogre
 12970 | D:9      | Reached ** piety under Ashenzari
 12980 | D:9      | Found a shimmering blue altar of Sif Muna.
 13101 | D:10     | Entered Level 10 of the Dungeon
 13338 | D:10     | Noticed a death knight
 13655 | D:10     | Noticed Maurice
 13659 | D:10     | Paralysed by something for 7 turns
 13662 | D:10     | Noticed a two-headed ogre
 13808 | D:10     | Killed a two-headed ogre
 13808 | D:10     | Reached skill level 16 in Maces & Flails
 13870 | D:10     | Slain by an ice beast

Illustrated notes

Levels and vault maps discovered:
D:1:      minmay_arrival_split_and_join, layout_rooms,
          chequers_serial_rivers_micro_d, minmay_liquid_box
D:2:      layout_rooms, hangedman_glass_teeth, nicolae_ashenzari_panopticon,
          uniq_sigmund
D:3:      layout_loops_ring, portal_sewer_entry_e
D:4:      black_bear_nest_1, layout_basic
D:5:      layout_loops_cross, minmay_temple_entry_gardened_gates, first_ration,
          gammafunk_ghost_cemetery
D:6:      layout_gridville, nrook_campfire, uniq_prince_ribbit1
D:7:      layout_loops_ring, uniq_menkaure, uniq_joseph
D:8:      layout_basic, david_lair_shrubbed, enter_bailey_3, uniq_maggie
D:9:      layout_small_grid, led_sif_pool, grunt_ogre_cave, uniq_harold
D:10:     layout_stronghold, uniq_maurice

Skill      XL: |  1  2  3  4  5  6  7  8  9 10 11 |
---------------+----------------------------------+-----
Fighting       | 1 2 3 4 |  4.6
Spellcasting   | 3 |  3.0
Hexes          | 3 |  3.0
Maces & Flails | 2 3 5 6 9 11 12 16 | 16.0
Evocations     | 5 6 |  6.0
Short Blades   | |  0.8
Dodging        | |  1.7
Stealth        | |  2.1

Action                   |  1- 3 |  4- 6 |  7- 9 | 10-12 || total
-------------------------+-------+-------+-------+-------++-------
Melee: Dagger            |   112 |   179 |   303 |   430 ||  1024
       Flail             |       |       |   156 |    62 ||   218
       Giant spiked club |       |       |     8 |   128 ||   136
Throw: Dart              |       |       |    11 |     6 ||    17
       Throwing net      |       |       |       |     1 ||     1
 Cast: Corona            |     2 |       |     1 |       ||     3
       Ensorcelled Hiber |     4 |       |       |       ||     4
Invok: Curse Item        |     1 |       |       |     1 ||     2
Evoke: Wand              |       |       |     6 |    20 ||    26
  Use: Scroll            |     3 |     6 |     1 |    17 ||    27
       Potion            |       |     1 |     3 |    17 ||    21
 Stab: Sleeping          |     9 |     3 |     2 |     5 ||    19
       Paralysed         |       |       |       |    11 ||    11
       Invisible         |       |       |       |     2 ||     2
  Eat: Chunk             |     3 |     6 |    13 |    23 ||    45
       Ration            |       |       |       |     2 ||     2
Armor: Robe              |    22 |    23 |   101 |    64 ||   210
       Steam dragon scal |       |       |       |   122 ||   122
Dodge: Dodged            |    48 |    78 |   192 |   312 ||   630
